 Dungeon Crawl Stone Soup version 0.21.1-72-gffa868e (webtiles) character file.

210 wojtek the Chopper (level 5, -8/45 HPs)
             Began as a Minotaur Fighter on Aug 5, 2018.
             Mangled by an ogre
             ... wielding a +0 giant spiked club
              (28 damage)
             ... on level 4 of the Dungeon.
             The game lasted 00:03:10 (2371 turns).

wojtek the Chopper (Minotaur Fighter)               Turns: 2371, Time: 00:03:11

Health: -8/45      AC:  8    Str: 21    XL:     5   Next: 56%
Magic:  4/4        EV:  7    Int:  5    God:
Gold:   175        SH:  9    Dex: 10    Spells: 4/4 levels left

rFire    . . .     SeeInvis .   a - +0 war axe
rCold    . . .     Gourm    .   c - +0 shield
rNeg     . . .     Faith    .   b - +0 scale mail
rPois    .         Spirit   .   (helmet restricted)
rElec    .         Reflect  .   y - scarf {cloud immunity}
rCorr    .         Harm     .   i - +0 pair of gloves
MR       .....                  (no boots)
Stlth    ..........             (no amulet)
HPRegen  0.15/turn              (no ring)
MPRegen  0.09/turn              (no ring)

@: no status effects
A: retaliatory headbutt, horns 2
a: no special abilities


You were on level 4 of the Dungeon.
You were not hungry.

You visited 1 branch of the dungeon, and saw 4 of its levels.

You collected 175 gold pieces.

Inventory:

Hand Weapons
 a - a +0 war axe (weapon)
Armour
 b - a +0 scale mail (worn)
 c - a +0 shield (worn)
 i - a +0 pair of gloves (worn)
 y - a scarf of cloud immunity (worn)
Jewellery
 e - an uncursed ring of ice
 x - an uncursed ring of stealth {unknown}
Wands
 w - a wand of scattershot (4)
Scrolls
 g - a scroll of enchant weapon {unknown}
 h - 4 scrolls of remove curse {unknown}
 o - a scroll of fog {unknown}
 p - 3 scrolls of random uselessness {unknown}
 q - 2 scrolls of teleportation {unknown}
 u - 2 scrolls of identify {unknown}
Potions
 d - 3 potions of might
 j - 4 potions of curing {unknown}
 k - 2 potions of lignification {unknown}
 l - 3 potions of agility {unknown}
 n - a potion of degeneration {unknown}
 r - a potion of haste {unknown}
 s - a potion of flight {unknown}
 t - a potion of heal wounds {unknown}
 v - 3 potions of invisibility {unknown}
Comestibles
 f - 8 rations
 m - 4 chunks of flesh


   Skills:
 + Level 3.6 Fighting
 + Level 7.1 Axes
 + Level 3.6 Armour
 + Level 0.0 Dodging
 + Level 3.6 Shields
 + Level 0.0 Evocations


You had 4 spell levels left.
You didn't know any spells.

Dungeon Overview and Level Annotations

Branches:
Dungeon (4/15)
 Temple: D:4-7

Altars:
Qazlal

Annotations:
D:1 rF - two wands


Innate Abilities, Weirdness & Mutations

You reflexively headbutt those who attack you in melee.
You have a pair of horns on your head.


Message History

The leopard gecko skeleton is almost destroyed.
The leopard gecko skeleton barely misses you.
The leopard gecko skeleton bites you but does no damage.
You hit the leopard gecko skeleton.
You destroy the leopard gecko skeleton!
You hit the ogre. Your headbutt misses the ogre.
The ogre is lightly wounded.
The ogre hits you with a giant spiked club!!
Ouch! That really hurt!
You slash the ogre!
The ogre is heavily wounded.
The ogre closely misses you.
You slash the ogre!
The ogre is almost dead.
The ogre barely misses you.
You hit the ogre but do no damage.
The ogre is almost dead.
The ogre hits you with a giant spiked club!!
Ouch! That really hurt!
You die...

.§§§≈....≈§≈§§≈ #.#
# .≈§§≈....§§§§§§
#.# #
.§§......§.Z§§§###.#
# §§≈≈..≈≈≈≈§≈≈#..>#
#''# ##.### #..#
#.## #s## ##.# #O#
#..# #@# #.## #.#
#.# #.#######.#
#.........#
#######...# #####
#...# #...#
#...####.###
#..........#
#..........#


You could see an ogre and a scorpion.

Vanquished Creatures
  A bullfrog skeleton (D:4)
  Terence (D:2)
  Ijyb (D:3)
  6 adders
  4 worms
  2 dart slugs (D:1)
  An orc (D:3)
  6 giant cockroaches
  6 goblins
  3 hobgoblins
  5 jackals
  7 kobolds
  5 quokkas
  A ball python (D:3)
  6 bats
  5 frilled lizards
  A leopard gecko skeleton (D:4)
  8 rats
69 creatures vanquished.

Vanquished Creatures (others)
  A frilled lizard (D:1)
1 creature vanquished.

Grand Total: 70 creatures vanquished

Notes
Turn   | Place    | Note
-------+----------+-------------------------------------------
     0 | D:1      | wojtek the Minotaur Fighter began the quest for the Orb.
     0 | D:1      | Reached XP level 1. HP: 19/19 MP: 0/0
    54 | D:1      | Reached skill level 3 in Axes
   139 | D:1      | Reached XP level 2. HP: 25/26 MP: 1/1
   217 | D:1      | Reached skill level 4 in Axes
   753 | D:2      | Reached XP level 3. HP: 31/31 MP: 2/2
  1244 | D:2      | Reached skill level 5 in Axes
  1341 | D:2      | Noticed Terence
  1345 | D:2      | Killed Terence
  1345 | D:2      | Reached XP level 4. HP: 37/39 MP: 3/3
  1695 | D:3      | Reached skill level 6 in Axes
  1932 | D:3      | Noticed Ijyb
  1944 | D:3      | Killed Ijyb
  1944 | D:3      | Reached XP level 5. HP: 38/45 MP: 4/4
  2244 | D:4      | Reached skill level 7 in Axes
  2247 | D:4      | Found a stormy altar of Qazlal.
  2352 | D:4      | Noticed an ogre
  2371 | D:4      | Mangled by an ogre

Skill      XL: |  1  2  3  4  5 |
---------------+----------------+-----
Axes           | 3 4 5 6 7 |  7.1
Fighting       | |  3.6
Armour         | |  3.6
Shields        | |  3.6

Action                   |  1- 3 |  4- 6 || total
-------------------------+-------+-------++-------
Melee: War axe           |   101 |   105 ||   206
       Headbutt          |     9 |    16 ||    25
  Eat: Chunk             |     2 |     3 ||     5
Armor: Scale mail        |    49 |    48 ||    97
Dodge: Dodged            |    27 |    30 ||    57
Block: Shield            |    49 |    56 ||   105
